 Dungeon Crawl Stone Soup version 0.29-a0-22-gbf593b16ee (webtiles) character file.

Game seed: 13396548981547572352

54 issech the Cudgeller (level 3, -3/36 HPs)
             Began as a Troll Monk on Jan 29, 2022.
             Slain by a gnoll (7 damage)
             ... on level 2 of the Dungeon.
             The game lasted 00:04:12 (1089 turns).

issech the Cudgeller (Troll Monk)                   Turns: 1089, Time: 00:04:13

Health: -3/36      AC:  4    Str: 19    XL:     3   Next: 66%
Magic:  2/2        EV: 10    Int:  6    God:
Gold:   50         SH:  0    Dex: 14    Spells: 2/2 levels left

rFire   . . .      SeeInvis .   a - +0 mace
rCold   . . .      Faith    .   (no shield)
rNeg    . . .      Spirit   .   b - +0 robe
rPois   .          Reflect  .   (helmet restricted)
rElec   .          Harm     .   (no cloak)
rCorr   .          Rampage  .   (gloves unavailable)
Will    .....                   (boots unavailable)
Stlth   ++........              (no amulet)
HPRegen 0.92/turn               (no ring)
MPRegen 0.08/turn               (no ring)

@: no status effects
A: large, unfitting armour, claws 3, regeneration 1, shaggy fur 1, tough skin 1
a: no special abilities


You were on level 2 of the Dungeon.
You visited 1 branch of the dungeon, and saw 2 of its levels.

You collected 50 gold pieces.

Inventory:

Hand Weapons
 a - a +0 mace (weapon)
 g - a +0 hunting sling
 j - a +0 hunting sling
Missiles
 c - 37 stones (quivered)
 f - 4 poisoned darts
Armour
 b - a +0 robe (worn)
Scrolls
 d - a scroll of teleportation {unknown}
 e - a scroll of blinking {unknown}
 i - a scroll of identify {unknown}
Potions
 h - a potion of curing {unknown}
 k - a potion of lignification {unknown}


   Skills:
 + Level 2.7 Fighting
 + Level 3.4 Maces & Flails
 + Level 2.7 Dodging
 + Level 1.3 Stealth


You had 2 spell levels left.
You didn't know any spells.
Your spell library was empty.

Dungeon Overview and Level Annotations

Branches:
Dungeon (2/15)

Altars:


Innate Abilities, Weirdness & Mutations

You are too large for most types of armour.
You have claws for hands.
Your natural rate of healing is unusually fast.
You are covered in fur. (AC +1)
You have tough skin. (AC +1)


Message History

You hit the ball python.
The ball python is severely wounded.
A gnoll comes into view. It is wielding a +0 club.
The ball python bites you but does no damage.
The gnoll shouts!
You sock the ball python!
You kill the ball python!
You hear an angry hiss.
An adder comes into view.
You hit the gnoll but do no damage. The gnoll hits you with a +0 whip!
You hit the gnoll.
The gnoll is moderately wounded.
The gnoll closely misses you. The gnoll barely misses you.
The gnoll hits you with a +0 whip.
You hit the gnoll.
The gnoll is heavily wounded.
The gnoll hits you with a +0 whip. The gnoll barely misses you.
The gnoll hits you with a +0 whip.
You closely miss the gnoll.
The gnoll is heavily wounded.
The gnoll hits you with a +0 whip. The gnoll barely misses you. x2
The gnoll closely misses you. The gnoll closely misses you.
You hit the gnoll. Your claw misses the gnoll.
The gnoll is lightly wounded.
The gnoll closely misses you. The gnoll barely misses you. x2
The gnoll hits you with a +0 whip!
You thump the gnoll!
You kill the gnoll!
You hit the gnoll.
The gnoll is moderately wounded.
The gnoll hits you from afar with a +0 halberd!
* * * LOW HITPOINT WARNING * * *
The gnoll closely misses you.
You hit the gnoll.
The gnoll is heavily wounded.
The gnoll barely misses you. The gnoll hits you with a +0 whip.
* * * LOW HITPOINT WARNING * * *
The gnoll hits you from afar with a +0 halberd!
You die...

#.# #.. #.....#
#....#### #.#
##.#####'#######..#
#.#
..............#..# ##
#.#
##.##.....###.#..###.
#.# ###..#.....#
#........ #.#
#.........##
########. #.#
.##......# #... #.#
###.##......# #.#.
..# .......@##.##
#.#. ### .###.##g##.#
#.#. # #Sg#.# #.#.
##g#.# #.#. #.#.#
#.#. #.K.# #... ##..#
###. #..... #.
........ #.


You could see 3 gnolls, an adder and a kobold.

Vanquished Creatures
  A gnoll (D:2)
  A dart slug (D:1)
  5 bats
  6 endoplasms
  2 giant cockroaches (D:1)
  4 goblins
  4 hobgoblins (D:1)
  3 jackals (D:1)
  4 ball pythons
  A frilled lizard (D:1)
  A kobold (D:2)
  5 rats
37 creatures vanquished.

Notes
Turn   | Place    | Note
-------+----------+-------------------------------------------
     0 | D:1      | issech the Troll Monk began the quest for the Orb.
     0 | D:1      | Reached XP level 1. HP: 22/22 MP: 0/0
   125 | D:1      | Reached XP level 2. HP: 29/29 MP: 1/1
   234 | D:1      | Reached skill level 3 in Maces & Flails
   373 | D:1      | Found a faded altar of an unknown god.
   438 | D:1      | Reached XP level 3. HP: 36/36 MP: 2/2
  1089 | D:2      | Slain by a gnoll

Illustrated notes

Levels and vault maps discovered:
D:1:      lemuel_arrival_room, layout_basic,
          hellmonk_ecumenical_altar_dog_temple, hangedman_decor_riveting
D:2:      layout_basic

Skill      XL: |  1  2 |
---------------+-------+-----
Maces & Flails | 3 |  3.4
Fighting       | |  2.7
Dodging        | |  2.7
Stealth        | |  1.3

Action                   || total
-------------------------++-------
Melee: Mace              ||   101
 Stab: Sleeping          ||     2
Armor: Robe              ||    33
Dodge: Dodged            ||    70

Table legend: (Time is in decaauts)
 A = Elapsed time spent in this place.
 B = Non-inter-level travel time spent in this place.
 C = Inter-level travel time spent in this place.
 D = Time resting spent in this place.
 E = Time spent auto-exploring this place.
 F = Levels seen in this place.
 G = Mean time per level.
                   A        B        C        D        E       F      G
               +--------+--------+--------+--------+--------+-----+--------+
         Total |   1113 |   1107 |      6 |      0 |    386 |   2 |  556.5 |
       Dungeon |   1113 |   1107 |      6 |      0 |    386 |   2 |  556.5 |
               +--------+--------+--------+--------+--------+-----+--------+

Top non-repeatable levels by time:
     D:1: 848 daAuts
     D:2: 265 daAuts
